 Dungeon Crawl Stone Soup version 0.16-a0-328-gfd822c7 (webtiles) character file.

11739 PolkaDot the Jinx (level 11, 0/68 HPs)
             Began as a Vampire Summoner on Sept 5, 2014.
             Was the Champion of Sif Muna.
             Killed from afar by a frost giant (10 damage)
             ... with a bolt of cold
             ... in an ice cave on Sept 6, 2014.
             The game lasted 01:51:33 (16357 turns).

PolkaDot the Jinx (Vampire Summoner)               Turns: 16357, Time: 01:51:34

HP   0/68        AC  4     Str  7      XL: 11   Next: 53%
MP   0/30        EV 14     Int 20      God: Sif Muna [******]
Gold 1158        SH  0     Dex 14      Spells:  4 memorised,  3 levels left

rFire  + + .     SeeInvis +     q - +2 spear
rCold  + + .     Clarity  .     c - +0 robe {rC+ rF+}
rNeg   + . .     rCorr    +     (no shield)
rPois  +         rRot     .     (no helmet)
rElec  +         Spirit   +     j - +0 cloak
SustAb .         Warding  .     y - +0 pair of gloves
rMut   .         Stasis   .     (no boots)
Gourm  .                        h - amulet of guardian spirit
MR     +....                    G - ring of poison resistance
                                u - ring of magical power

@: resistant, somewhat resistant to hostile enchantments, fairly stealthy
A: bottle blood, fangs 3, see invisible, unbreathing
a: Bat Form, Bottle Blood, Channel Energy, Forget Spell, Renounce Religion


You were in an ice cave.
You worshipped Sif Muna.
Sif Muna was exalted by your worship.
You were not thirsty.

You visited 3 branches of the dungeon, and saw 14 of its levels.
You also visited: Ossuary and Ice Cave.

You collected 1158 gold pieces.

Inventory:

Hand weapons
 q - a +2 spear (weapon)
Armour
 c - a +0 robe of resistance (worn)
 j - a +0 cloak (worn)
 y - a +0 pair of gloves (worn)
Magical devices
 v - a wand of slowing (7)
 D - a wand of draining (0)
 K - a wand of flame (11)
Scrolls
 d - a scroll of magic mapping {unknown}
 e - a scroll of enchant armour
 f - a scroll of fog
 g - a scroll of enchant weapon
 k - 3 scrolls of recharging
 r - 2 scrolls of fear
 t - 2 scrolls of teleportation
 w - 2 scrolls of immolation
 C - 6 scrolls of remove curse
Jewellery
 h - an amulet of guardian spirit (around neck)
 u - a ring of magical power (left hand)
 G - a ring of poison resistance (right hand)
Potions
 a - 2 potions of berserk rage
 b - 2 potions of blood {@*1}
 i - 4 potions of magic
 l - 2 potions of brilliance
 m - 7 potions of curing
 o - 3 potions of might
 p - a potion of resistance
 z - 2 potions of flight
 A - 2 potions of haste {unknown}
 F - 3 potions of mutation {unknown}
 H - 2 potions of poison {unknown}
 J - 2 potions of lignification {unknown}
 L - 2 potions of cure mutation {unknown}
Books
 E - a book of Air {god gift}

   Spells                             Type                      Level
   Shock                              Conjuration/Air              1
   Swiftness                          Charms/Air                   2
   Repel Missiles                     Charms/Air                   2
   Flight                             Charms/Air                   3
   Static Discharge                   Conjuration/Air              3
   Lightning Bolt                     Conjuration/Air              5


   Skills:
 + Level 5.1 Dodging
 - Level 3.6 Stealth
 - Level 4.1 Spellcasting
 - Level 11.4 Hexes
 - Level 11.1 Summonings
 - Level 10.3 Ice Magic
 * Level 4.6 Air Magic


You had 3 spell levels left.
You knew the following spells:

 Your Spells              Type           Power        Failure   Level  Hunger
d - Call Canine Familiar  Summ           #####...     1%          3    ###....
g - Summon Guardian Gole  Hex/Summ       #####...     1%          4    ####...
i - Summon Ice Beast      Ice/Summ       #####...     1%          4    ####...
s - Summon Lightning Spi  Summ/Air       #####...     8%          4    ####...


Dungeon Overview and Level Annotations

Branches:
Dungeon (10/15)            Temple (1/1) D:5             Orc (0/4) D:9
   Lair (3/8) D:8
  Swamp: Lair:3-6    Shoals: Lair:3-6     Snake: Lair:3-6    Spider: Lair:3-6

Altars:
Ashenzari
Cheibriados
Dithmenos
Elyvilon
Fedhas
Gozag
Kikubaaqudgha
Makhleb
Nemelex Xobeh
Okawaru
Qazlal
Sif Muna
Trog
Vehumet
Xom
Yredelemnul
Zin
The Shining One

Shops:
D:6 }   D:7 =   D:10 [

Annotations:
Lair:3 Fannar


Innate Abilities, Weirdness & Mutations

You can bottle blood from corpses.
You have razor-sharp teeth.
You have supernaturally acute eyesight.
You can survive without breathing.


Message History

Your lightning spire resists.
The bolt of cold misses you. The bolt of cold misses your ice beast.
Use which ability? (? or * to list)
You channel some magical energy.
You feel somewhat more thirsty.
You are engulfed in freezing vapours.
You resist.
* * * LOW MAGIC WARNING * * *;
* * * LOW HITPOINT WARNING * * *
The frost giant is engulfed in freezing vapours.
The frost giant hits your lightning spire with a battleaxe of freezing!!
Your lightning spire is destroyed!
You swap places.
You are engulfed in freezing vapours.
You resist.
* * * LOW MAGIC WARNING * * *;
* * * LOW HITPOINT WARNING * * *
The frost giant is engulfed in freezing vapours.
The frost giant gestures at you while chanting.
The bolt of cold hits your ice beast.
Your ice beast completely resists.
The bolt of cold hits your ice beast.
Your ice beast completely resists.
The bolt of cold hits you! You resist.
* * * LOW MAGIC WARNING * * *
You die... ≈≈≈≈≈≈≈≈####..# ≈≈≈≈≈≈≈≈≈≈###.. #≈≈#≈≈≈≈ ###. #####≈§≈####≈≈. h ###§..##≈§≈#≈≈### hCh

##..##..≈#≈≈≈≈## .Yh.
#..#####.≈≈#≈≈≈### #Y...
########..#..#######≈≈≈#
#...##..§##§@§#..#.###.###≈≈≈
#..§##CYY########.#.⌠.#####
########## ##.#.## #####


You could see a frost giant and 2 friendly ice beasts.

Vanquished Creatures
  A spiny frog (Lair:2)
  Eustachio (D:8)
  A yak (IceCv)
  2 hippogriffs
  Edmund (D:6)
  2 wolves
  4 porcupines
  A black bear (D:8)
  Sigmund (D:6)
  A giant frog (Lair:1)
  A killer bee (D:8)
  3 wights
  A crimson imp (D:5)
  A goliath beetle (D:8)
  2 hounds
  3 orc priests (D:6)
  An orc wizard (D:9)
  5 worker ants
  2 mummies
  A gnoll (D:2)
  3 adders
  2 green rats (Lair:1)
  An adder skeleton (D:5)
  An ooze (D:4)
  4 orcs
  8 giant cockroaches
  11 goblins
  7 hobgoblins
  5 jackals
  10 kobolds
  10 bats
  3 giant geckos
  9 giant newts
  A gnoll skeleton (D:5)
  A hobgoblin skeleton (D:4)
  2 orc skeletons
  2 quokkas
  A quokka zombie (D:4)
  10 rats
  A rat skeleton (D:5)
  2 ballistomycetes (D:8)
129 creatures vanquished.

Vanquished Creatures (collateral kills)
  A hydra (Lair:2)
  A death yak (IceCv)
  The ghost of braks the Basher, an experienced OgWz of Xom (D:8)
  An ice statue (IceCv)
  The ghost of tehnar the Thaumaturge, an experienced DECj of Vehumet (Ossuary)
  Joseph (D:7)
  A spiny frog (Lair:3)
  3 komodo dragons
  8 polar bears (IceCv)
  The ghost of Oper80 the Vexing, an average DsEn (D:4)
  2 two-headed ogres (D:8)
  5 blink frogs (Lair:2)
  21 yaks
  A basilisk (Lair:1)
  2 hippogriffs (Lair:3)
  Grum (D:8)
  19 wolves
  A spatial vortex (Ossuary)
  2 porcupines
  2 water moccasins
  5 orc warriors
  3 sky beasts
  3 necrophages
  19 ice beasts
  4 centaurs
  5 crocodiles
  3 ogres
  A big kobold (D:7)
  3 giant frogs
  8 killer bees (D:8)
  2 electric eels (D:9)
  7 wights
  7 orc priests
  A crimson imp (D:8)
  A jelly (D:8)
  4 iguanas
  A giant frog skeleton (D:4)
  7 hounds
  5 worker ants
  9 orc wizards
  A big kobold zombie (Ossuary)
  7 mummies (Ossuary)
  6 gnolls
  13 adders
  27 green rats
  2 giant mites
  A shadow imp (D:9)
  A worm (D:4)
  An adder zombie (D:8)
  2 giant geckos (D:1)
  34 orcs
  2 bats
  A giant cockroach (D:8)
  3 gnoll zombies (Ossuary)
  2 goblins
  2 hobgoblins (D:1)
  12 jackals
  8 kobolds
  4 quokkas
  A hobgoblin zombie (Ossuary)
  A kobold skeleton (D:5)
  2 kobold zombies (Ossuary)
  An orc skeleton (D:4)
  An orc zombie (Ossuary)
  3 rats
  3 ballistomycetes (D:8)
  A fungus (Lair:2)
  A plant (Lair:2)
316 creatures vanquished.

Vanquished Creatures (others)
  3 yaks (IceCv)
  12 guardian golems
  22 wolves
  35 ice beasts
  7 lightning spires (IceCv)
  6 crimson imps
  16 hounds
  2 shadow imps
  3 white imps
  A giant spore (D:8)
  4 quokkas
  5 rats
  4 fungi (D:6)
120 creatures vanquished.

Grand Total: 565 creatures vanquished

Notes
Turn   | Place    | Note
--------------------------------------------------------------
     0 | D:1      | PolkaDot, the Vampire Summoner, began the quest for the Orb.
     0 | D:1      | Reached XP level 1. HP: 13/13 MP: 3/3
   243 | D:1      | Reached XP level 2. HP: 13/19 MP: 2/4
   791 | D:1      | Learned a level 2 spell: Call Imp
  1208 | D:2      | Found a shadowy altar of Dithmenos.
  1245 | D:2      | Reached XP level 3. HP: 12/24 MP: 6/6
  1316 | D:2      | Learned a level 3 spell: Call Canine Familiar
  1964 | D:3      | Reached XP level 4. HP: 22/30 MP: 4/8
  2077 | D:3      | Reached skill level 5 in Summonings
  2334 | D:3      | Found an iron altar of Okawaru.
  2335 | D:3      | Found a bloodstained altar of Trog.
  2859 | D:4      | Reached XP level 5. HP: 23/35 MP: 7/9
  2986 | D:4      | Noticed an ogre
  2996 | D:4      | Reached skill level 6 in Summonings
  2997 | D:4      | Killed an ogre
  3423 | D:4      | Reached XP level 6. HP: 41/41 MP: 11/11
  3587 | D:4      | Noticed Oper80's ghost (average DsEn)
  3599 | D:4      | Reached skill level 7 in Summonings
  3611 | D:4      | Killed Oper80's ghost
  4172 | D:5      | Entered Level 5 of the Dungeon
  4190 | D:5      | Reached skill level 8 in Summonings
  4190 | D:5      | Reached XP level 7. HP: 17/46 MP: 12/12
  4197 | D:5      | Learned a level 4 spell: Summon Ice Beast
  4568 | D:5      | Found a staircase to the Ecumenical Temple.
  4662 | Temple   | Entered the Ecumenical Temple
  4829 | Temple   | Became a worshipper of Sif Muna the Loreminder
  5350 | D:6      | Reached skill level 9 in Summonings
  5363 | D:6      | Found a sand-covered staircase.
  5383 | Ossuary  | Entered an ossuary
  5383 | Ossuary  | Noticed tehnar's ghost (experienced DECj)
  5394 | Ossuary  | Killed tehnar's ghost
  5394 | Ossuary  | Acquired Sif Muna's first power
  5394 | Ossuary  | Reached XP level 8. HP: 30/52 MP: 3/14
  5475 | Ossuary  | Reached skill level 1 in Ice Magic
  5896 | D:6      | Reached skill level 10 in Summonings
  6071 | D:6      | Found Grea's Gadget Boutique.
  6319 | D:6      | Found a shattered altar of Ashenzari.
  6597 | D:6      | Noticed Edmund
  6602 | D:6      | Killed Edmund
  6602 | D:6      | Acquired Sif Muna's second power
  6621 | D:6      | Noticed Sigmund
  6634 | D:6      | Killed Sigmund
  6634 | D:6      | Reached skill level 11 in Summonings
  6856 | D:7      | Noticed Joseph
  6881 | D:7      | Killed Joseph
  7469 | D:7      | Found Blanadgh's Jewellery Boutique.
  7880 | D:7      | Reached XP level 9. HP: 57/57 MP: 15/15
  8360 | D:8      | Reached skill level 5 in Ice Magic
  8637 | D:8      | Found a glowing golden altar of the Shining One.
  8660 | D:8      | Noticed Grum
  8671 | D:8      | Killed Grum
  9080 | D:8      | Noticed braks' ghost (experienced OgWz)
  9118 | D:8      | Killed braks' ghost
  9118 | D:8      | Acquired Sif Muna's third power
  9138 | D:8      | Found a staircase to the Lair.
  9791 | D:8      | Noticed Eustachio
  9805 | D:8      | Killed Eustachio
 10348 | D:9      | Reached XP level 10. HP: 59/63 MP: 11/17
 11035 | D:9      | Reached skill level 10 in Ice Magic
 11053 | D:9      | Found a staircase to the Orcish Mines.
 11496 | D:10     | Entered Level 10 of the Dungeon
 11502 | D:10     | Found Cyageufa's Armour Shop.
 11561 | Lair:1   | Entered Level 1 of the Lair of Beasts
 11661 | Lair:1   | Learned a level 4 spell: Summon Guardian Golem
 11927 | Lair:1   | Reached skill level 5 in Hexes
 12935 | Lair:2   | Noticed a four-headed hydra
 12948 | Lair:2   | Killed a four-headed hydra
 13074 | Lair:2   | Reached skill level 10 in Hexes
 13118 | Lair:2   | Received a gift from Sif Muna
 13425 | Lair:2   | Reached XP level 11. HP: 62/68 MP: 18/18
 13712 | Lair:3   | Noticed Fannar
 13875 | Lair:3   | Found a frozen archway.
 13959 | IceCv    | Entered an ice cave
 14157 | IceCv    | Noticed an ice statue
 14527 | IceCv    | Learned a level 4 spell: Summon Lightning Spire
 14599 | IceCv    | Killed an ice statue
 15038 | IceCv    | Reached skill level 1 in Air Magic
 15667 | IceCv    | Noticed a death yak
 15674 | IceCv    | Killed a death yak
 15849 | IceCv    | Reached skill level 5 in Dodging
 16320 | IceCv    | Noticed a frost giant
 16357 | IceCv    | Killed from afar by a frost giant

Action                   |  1- 3 |  4- 6 |  7- 9 | 10-12 || total
-------------------------+-------+-------+-------+-------++-------
Melee: Unarmed           |    67 |       |       |       ||    67
       Short sword       |    16 |       |       |       ||    16
       Dagger            |    24 |       |       |       ||    24
       Spear             |    42 |   167 |   387 |   264 ||   860
Throw: Stone             |   103 |     1 |       |       ||   104
 Cast: Summon Small Mamm |    22 |    13 |     4 |       ||    39
       Call Imp          |     3 |    17 |    18 |     3 ||    41
       Call Canine Famil |     4 |    13 |    39 |    33 ||    89
       Summon Ice Beast  |       |       |    66 |   141 ||   207
       Summon Guardian G |       |       |       |    28 ||    28
       Summon Lightning  |       |       |       |    11 ||    11
Invok: Channel Energy    |       |       |   110 |   318 ||   428
 Abil: Bottle Blood      |       |       |       |    20 ||    20
Evoke: Wand              |       |       |    19 |     1 ||    20
  Use: Potion            |     1 |     2 |     5 |    36 ||    44
       Scroll            |     4 |     2 |    11 |     7 ||    24
 Stab: Sleeping          |     1 |     5 |    10 |     3 ||    19
       Distracted        |       |     1 |     4 |     7 ||    12
  Eat: Corpse            |    14 |    19 |    40 |    44 ||   117
